 Dungeon Crawl Stone Soup version 0.28.0 (webtiles) character file.

Game seed: 3281575143615836508

4377 fragbeetle the Severer (level 10, -1/79 HPs)
             Began as a Hill Orc Fighter on Feb 10, 2022.
             Was a Follower of Uskayaw.
             Slain by a wolf (9 damage)
             ... led by Grum
             ... on level 8 of the Dungeon.
             The game lasted 00:11:17 (9429 turns).

fragbeetle the Severer (Hill Orc Fighter)           Turns: 9429, Time: 00:11:18

Health: -1/79      AC: 11    Str: 24    XL:     10   Next: 35%
Magic:  17/17      EV: 13    Int:  8    God:    Uskayaw [*.....]
Gold:   388        SH:  9    Dex: 10    Spells: 9/9 levels left

rFire   . . .      SeeInvis .   K - +2 war axe (vorpal)
rCold   . . .      Faith    .   c - +0 buckler
rNeg    . . .      Spirit   .   p - +2 scale mail {Will+}
rPois   +          Reflect  +   z - +1 helmet
rElec   .          Harm     .   H - scarf {shadows}
rCorr   .          Rampage  .   (no gloves)
Will    +....                   (no boots)
Stlth   ..........              I - amulet of reflection
HPRegen 0.23/turn               a - +4 ring of evasion
MPRegen 0.15/turn               O - ring of poison resistance

@: no status effects
A: no striking features
a: Renounce Religion, Stomp


You were on level 8 of the Dungeon.
You worshipped Uskayaw.
Uskayaw was aware of your devotion.
You visited 2 branches of the dungeon, and saw 9 of its levels.

You collected 388 gold pieces.

Inventory:

Hand Weapons
 K - a +2 vorpal war axe (weapon)
 P - a +0 war axe of flaming
Missiles
 i - 3 boomerangs of dispersal (quivered)
 u - 2 boomerangs
 v - 5 poisoned darts
Armour
 c - a +0 buckler (worn)
 f - a +0 cloak
 p - a +2 scale mail of willpower (worn)
 t - a +0 plate armour
 z - a +1 helmet (worn)
 H - a scarf of shadows (worn)
 M - +0 steam dragon scales
Jewellery
 a - a +4 ring of evasion (left hand)
 A - a ring of fire
 D - a ring of protection from cold
 I - an amulet of reflection (around neck)
 O - a ring of poison resistance (right hand)
Wands
 b - a wand of paralysis (5)
 y - a wand of flame (11)
 E - a wand of polymorph (5)
 F - a wand of mindburst (20)
 J - a wand of iceblast (10)
Scrolls
 h - 8 scrolls of identify {unknown}
 j - 3 scrolls of fog {unknown}
 k - 6 scrolls of teleportation {unknown}
 m - 2 scrolls of enchant armour {unknown}
 n - 3 scrolls of magic mapping {unknown}
 q - a scroll of torment {unknown}
 r - a scroll of fear {unknown}
 w - a scroll of enchant weapon {unknown}
 B - a scroll of amnesia {unknown}
 G - a scroll of holy word {unknown}
Potions
 d - a potion of might
 e - 2 potions of heal wounds {unknown}
 g - a potion of berserk rage {unknown}
 l - a potion of mutation {unknown}
 o - a potion of flight {unknown}
 s - 2 potions of magic {unknown}
 x - 2 potions of degeneration {unknown}
 C - a potion of attraction {unknown}
 L - a potion of haste {unknown}
 N - 2 potions of brilliance {unknown}


   Skills:
 + Level 4.2 Fighting
 - Level 16.0 Axes
 - Level 3.2 Armour
 - Level 3.2 Shields
 - Level 10.0 Invocations


You had 9 spell levels left.
You didn't know any spells.
Your spell library contained the following spells:

 Spells                   Type           Power      Damage    Failure   Level
 Corpse Rot               Necr/Air       0%         N/A       91%         2
 Poisonous Vapours        Pois/Air       0%         N/A       91%         2


Dungeon Overview and Level Annotations

Branches:
Dungeon (8/15)             Temple (1/1) D:6
   Lair: D:8-11

Altars:
Ashenzari
Cheibriados
Dithmenos
Fedhas
Gozag
Hepliaklqana
Kikubaaqudgha
Makhleb
Nemelex Xobeh
Okawaru
Qazlal
Ru
Sif Muna
Trog
Uskayaw
Vehumet
Wu Jian
Xom

Annotations:
D:8 Gastronok, Grum


Message History

A wolf comes into view.
The wolf howls! x2
A wolf comes into view.
Grum hits you from afar with a -1 vorpal glaive.
The wolf howls!
Grum misses you.
You miss the wolf. You hit Grum but do no damage. You miss the wolf.
You hit the wolf but do no damage. The wolf bites you. x2
You block the wolf's attack. The wolf bites you.
You hit the wolf.
The wolf is moderately wounded.
You slash the wolf! x2; You hit Grum but do no damage.
Grum hits you with a -1 vorpal glaive! You block the wolf's attack.
The wolf bites you. x2
You can now pass through a line of other dancers.
You closely miss the wolf.
The wolf is heavily wounded.
You barely miss the wolf. You miss the wolf. You barely miss the wolf.
You closely miss Grum. The wolf bites you but does no damage.
The wolf bites you. The wolf misses you. The wolf bites you.
You block Grum's attack. You block the wolf's attack.
You are too injured to fight recklessly!
You are too injured to fight recklessly!
You are too injured to fight recklessly!
Unknown command.
You are too injured to fight recklessly!
The wolf bites you. The wolf barely misses you. The wolf closely misses you. x2
Grum hits you from afar with a -1 vorpal glaive!
* * * LOW HITPOINT WARNING * * *
x2 You block the wolf's attack.
The wolf bites you.
* * * LOW HITPOINT WARNING * * *
The wolf bites you!
* * * LOW HITPOINT WARNING * * *
The wolf bites you but does no damage. You block the wolf's attack.
You can no longer pass through a line of other dancers.
The wolf bites you but does no damage. The wolf barely misses you.
You block the wolf's attack. You block the wolf's attack. The wolf bites you!
You die...

#.# ###..# ###...#
##.....# ##......#
#####...##.##
###.......##.#
###........###.#
##..####....# #@#
#.### ###..# #h#
#.# ######h## #.##
###hg.# ##.##
##...h.## ##.##
##........#
##.###..........###
##.#.............#
#.................#


You could see Grum and 4 wolves.

Vanquished Creatures
  Maggie (D:8)
  Grinder (D:4)
  Prince Ribbit (D:7)
  Sigmund (D:2)
  Eustachio (D:5)
  A steam dragon (D:6)
  An acid dragon (D:8)
  Duvessa (D:4)
  2 water moccasins
  2 black bears
  An orc warrior (D:7)
  An ice beast (D:7)
  2 necrophages (D:5)
  2 ogres (D:5)
  2 centaurs (D:7)
  2 bullfrogs
  Blork the orc (D:6)
  6 scorpions
  A water moccasin zombie (D:5)
  Dowan (D:4)
  A water moccasin skeleton (D:5)
  3 wights (D:7)
  5 howler monkeys
  2 centaur zombies
  A hound (D:7)
  2 jellies
  2 centaur skeletons
  2 orc priests
  4 bullfrog skeletons
  2 gnoll shamans
  4 iguanas
  Terence (D:3)
  2 orc wizards (D:7)
  A killer bee zombie (D:7)
  A hound skeleton (D:5)
  Robin (D:2)
  7 adders
  14 gnolls
  A shadow imp (D:6)
  A white imp (D:8)
  An ufetubus (D:4)
  An adder zombie (D:2)
  2 adder skeletons (D:4)
  2 dart slugs (D:1)
  19 orcs
  7 ball pythons
  5 endoplasms
  2 giant cockroaches
  13 goblins
  11 hobgoblins
  4 quokkas
  2 ball python skeletons (D:2)
  A ball python zombie (D:2)
  7 bats
  2 frilled lizards
  A giant cockroach zombie (D:2)
  2 kobolds
  4 rats (D:1)
174 creatures vanquished.

Notes
Turn   | Place    | Note
-------+----------+-------------------------------------------
     0 | D:1      | fragbeetle the Hill Orc Fighter began the quest for the
                  | Orb.
     0 | D:1      | Reached XP level 1. HP: 19/19 MP: 1/1
    19 | D:1      | Reached skill level 3 in Axes
    23 | D:1      | Reached skill level 4 in Axes
    23 | D:1      | Reached XP level 2. HP: 18/26 MP: 2/2
   370 | D:1      | Reached XP level 3. HP: 31/31 MP: 3/3
   514 | D:1      | Found a faded altar of an unknown god.
   622 | D:1      | Reached skill level 5 in Axes
   745 | D:2      | Noticed Robin
   928 | D:2      | Killed Robin
   929 | D:2      | Reached XP level 4. HP: 35/39 MP: 4/4
  1029 | D:2      | Noticed Sigmund
  1324 | D:2      | Reached skill level 6 in Axes
  1716 | D:3      | Noticed Terence
  1731 | D:3      | Killed Terence
  1761 | D:3      | Noticed a black bear
  1772 | D:3      | Killed a black bear
  1773 | D:3      | Reached skill level 7 in Axes
  1773 | D:3      | Reached XP level 5. HP: 35/45 MP: 5/5
  2000 | D:3      | Found an ornate altar of the Wu Jian Council.
  2093 | D:3      | Found a shimmering blue altar of Sif Muna.
  2126 | D:3      | Reached skill level 8 in Axes
  2126 | D:3      | Reached XP level 6. HP: 51/51 MP: 6/6
  2440 | D:4      | Noticed Grinder
  2453 | D:4      | Paralysed by Grinder for 7 turns
  2482 | D:4      | Killed Grinder
  2483 | D:4      | Reached skill level 9 in Axes
  2483 | D:4      | Reached XP level 7. HP: 42/57 MP: 7/7
  2799 | D:4      | Reached skill level 10 in Axes
  3696 | D:4      | Noticed Dowan
  3728 | D:5      | Entered Level 5 of the Dungeon
  3739 | D:5      | Reached skill level 11 in Axes
  3780 | D:5      | Reached XP level 8. HP: 43/64 MP: 8/8
  3824 | D:5      | Reached skill level 12 in Axes
  3917 | D:5      | Found an ancient bone altar of Kikubaaqudgha.
  4033 | D:5      | Noticed Eustachio
  4067 | D:4      | Noticed Duvessa
  4089 | D:4      | Killed Duvessa
  4090 | D:4      | Reached skill level 13 in Axes
  4093 | D:4      | Killed Dowan
  4632 | D:4      | Found a hazy altar of Hepliaklqana.
  4691 | D:5      | Killed Eustachio
  4949 | D:5      | Reached skill level 14 in Axes
  5113 | D:5      | Reached XP level 9. HP: 70/70 MP: 9/9
  5131 | D:5      | Reached skill level 15 in Axes
  5311 | D:5      | Found a bloodstained altar of Trog.
  5735 | D:6      | Found a staircase to the Ecumenical Temple.
  5750 | Temple   | Entered the Ecumenical Temple
  6023 | Temple   | Became a worshipper of Uskayaw the Reveller
  6055 | D:6      | Reached * piety under Uskayaw
  6412 | D:6      | Noticed Blork the orc
  6420 | D:6      | Reached ** piety under Uskayaw
  6422 | D:6      | Reached *** piety under Uskayaw
  6423 | D:6      | Killed Blork the orc
  6518 | D:6      | Reached skill level 16 in Axes
  6926 | D:2      | Killed Sigmund
  7565 | D:7      | Found a radiant altar of Vehumet.
  7618 | D:7      | Reached skill level 5 in Invocations
  7824 | D:7      | Reached XP level 10. HP: 77/77 MP: 15/15
  7939 | D:7      | Found a burning altar of Makhleb.
  7952 | D:7      | Found a shimmering altar of Xom.
  7952 | D:7      | Found an ancient bone altar of Kikubaaqudgha.
  7955 | D:7      | Found a shadowy altar of Dithmenos.
  7955 | D:7      | Found an iron altar of Okawaru.
  7955 | D:7      | Found an iron altar of Okawaru.
  8149 | D:7      | Noticed Prince Ribbit
  8182 | D:7      | Killed Prince Ribbit
  8692 | D:8      | Noticed Maggie
  8897 | D:8      | Killed Maggie
  8908 | D:8      | Reached **** piety under Uskayaw
  8918 | D:8      | Noticed Gastronok
  9222 | D:8      | Reached skill level 10 in Invocations
  9416 | D:8      | Noticed Grum
  9429 | D:8      | Slain by a wolf

Illustrated notes

Levels and vault maps discovered:
D:1:      saegor_arrival_simple_e, layout_basic, ebering_ecumenical_altar_mist
D:2:      layout_loops_ring, serial_undead, serial_undead_a, serial_undead_b,
          serial_undead_c, serial_undead_e, uniq_sigmund, uniq_robin
D:3:      layout_loops_corners, mainiacjoe_overflow_cross_hatched,
          overflow_temple_1_default, uniq_terence
D:4:      minmay_thinvault, layout_layer_cave, nicolae_hepliaklqana_hippocampus,
          uniq_grinder, uniq_duvessa
D:5:      layout_loops_cross, lemuel_coloured_pillars_altar,
          mainiacjoe_overflow_alcove_2, uniq_eustachio
D:6:      layout_rooms, minmay_temple_entry_wispy, uniq_blork_the_orc
D:7:      layout_layer_cave, nicolae_vehumet_radiance, doesnt_xom_only_xom,
          uniq_prince_ribbit1
D:8:      layout_layer_cave, kennysheep_ying_yang, nicolae_figureground_pulse,
          uniq_grum, uniq_gastronok, uniq_maggie, uniq_erica
Temple:   minmay_temple_curvy_loop

Skill      XL: |  1  2  3  4  5  6  7  8  9 10 |
---------------+-------------------------------+-----
Axes           | 4 5 7 8 9 11 14 16 | 16.0
Invocations    | 7 10 | 10.0
Fighting       | 4 |  4.2
Armour         | |  3.2
Shields        | |  3.2

Action                   |  1- 3 |  4- 6 |  7- 9 | 10-12 || total
-------------------------+-------+-------+-------+-------++-------
Melee: War axe           |    70 |    83 |   341 |    70 ||   564
       Unarmed           |       |       |     1 |       ||     1
  Use: Potion            |       |       |     1 |       ||     1
 Stab: Paralysed         |       |       |     1 |     8 ||     9
Armor: Scale mail        |    37 |    44 |   116 |     7 ||   204
Dodge: Dodged            |    32 |    35 |   122 |    33 ||   222
Block: Buckler           |    17 |    17 |    89 |    23 ||   146
       Reflection        |       |       |     2 |       ||     2
